AoeStats
← Chino_malo

Arabia

509873810Analyzed
1v1 RM · 2d ago on Sep 28, 2026· 52m 7s· 2 players
Game mode
Random Map
Map size
Tiny (2 player)
Population
200
Speed
Normal
Resources
Standard
Victory
Conquest
Starting age
Dark Age
Ending age
Imperial Age
RankedLock teamsTeams togetherTeam positionsShared explorationLock speedFull tech treeHidden civsTurbo modeCheats
Victory
Defeat
🇨🇱 Byzantines · Chile
581
+18
🇭🇰 Vikings · Hong Kong SAR China
635
-18
Chino_malo
0:34 Loom
12:43 Feudal Age
14:21 Double-Bit Axe
14:27 Horse Collar
22:25 Castle Age
22:34 Crossbowman
22:40 Pikeman
26:50 Fletching
27:12 Forging
35:48 Imperial Age
42:56 Arbalester
48:45 Chemistry
48:06 Ballistics
47:54 Padded Archer Armor
MM_UU
7:54 Loom
10:36 Feudal Age
11:22 Double-Bit Axe
11:20 Horse Collar
19:47 Scale Mail Armor
21:57 Castle Age
23:59 Pikeman
24:05 Elite Skirmisher
26:11 Bow Saw
29:32 Fletching
29:58 Heavy Plow
30:25 Squires
30:28 Padded Archer Armor
33:10 Town Watch
35:46 Bodkin Arrow
40:43 Chain Mail Armor
40:39 Forging
44:04 Imperial Age
43:56 Arson
47:09 Crop Rotation
47:25 Plate Mail Armor
47:31 Iron Casting
48:15 Capped Ram
52:15 Two-Man Saw
Connection lost

Rejoining the realm…

Still unreachable

The connection could not be restored.

Session expired

The server has moved on; the page needs a fresh start.